 Dungeon Crawl Stone Soup version 0.29.0-5-ge4962eb29e (webtiles) character file.

Game seed: 10499984749329546243

110 ImASeal the Trooper (level 4, -2/48 HPs)
             Began as a Troll Fighter on Aug 29, 2022.
             Killed from afar by Jessica (9 damage)
             ... with a puff of flame
             ... on level 3 of the Dungeon.
             The game lasted 00:02:52 (1673 turns).

ImASeal the Trooper (Troll Fighter)                 Turns: 1673, Time: 00:02:52

Health: -2/48      AC:  4    Str: 26    XL:     4   Next: 61%
Magic:  3/3        EV:  8    Int:  4    God:
Gold:   109        SH:  7    Dex:  9    Spells: 3/3 levels left

rFire   . . .      SeeInvis .   a - +1 flail
rCold   . . .      Faith    .   c - +0 kite shield
rNeg    . . .      Spirit   .   b - +0 robe
rPois   .          Reflect  .   (helmet restricted)
rElec   .          Harm     .   (no cloak)
rCorr   .          Rampage  .   (gloves unavailable)
Will    .....                   (boots unavailable)
Stlth   +.........              (no amulet)
HPRegen 0.96/turn               (no ring)
MPRegen 0.08/turn               (no ring)

@: no status effects
A: large, unfitting armour, claws 3, regeneration 1, shaggy fur 1, tough skin 1
a: no special abilities


You were on level 3 of the Dungeon.
You visited 1 branch of the dungeon, and saw 3 of its levels.

You collected 109 gold pieces.

Inventory:

Hand Weapons
 a - a +1 flail (weapon)
Armour
 b - a +0 robe (worn)
 c - a +0 kite shield (worn)
Wands
 g - a wand of light (11)
Scrolls
 e - 2 scrolls of blinking {unknown}
 f - a scroll of identify {unknown}
 l - a scroll of enchant armour {unknown}
Potions
 d - 2 potions of might
 h - 2 potions of heal wounds
 i - a potion of degeneration {unknown}
 j - a potion of haste {unknown}
 k - a potion of berserk rage {unknown}
 m - a potion of resistance {unknown}


   Skills:
 + Level 4.3 Fighting
 - Level 1.7 Maces & Flails
 - Level 2.4 Dodging
 + Level 0.6 Stealth
 - Level 2.6 Shields


You had 3 spell levels left.
You didn't know any spells.
Your spell library contained the following spells:

 Spells                   Type           Power      Damage    Failure   Level
 Iskenderun's Battlesphe  Conj           0%         2d6       100%        5
 Iron Shot                Conj/Erth      0%         9d1       100%        6
 Spellforged Servitor     Conj/Summ      0%         N/A       100%        7


Dungeon Overview and Level Annotations

Branches:
Dungeon (3/15)

Altars:

Annotations:
D:3 Jessica


Innate Abilities, Weirdness & Mutations

You are too large for most types of armour.
You have claws for hands.
Your natural rate of healing is unusually fast.
You are covered in fur. (AC +1)
You have tough skin. (AC +1)


Message History

Jessica zaps a wand.
You block the puff of flame. The dart slug launches a dart at you.
The slug dart hits you.
A bat comes into view.
Jessica zaps a wand.
You block the puff of flame.
Found a scroll labelled ETORHUO JAGGEI.
Found a stone staircase leading down.
The bat hits you but does no damage.
Jessica zaps a wand.
The puff of flame hits you. You block the bat's attack.
You hit Jessica but do no damage. The bat hits you.
Jessica hits you with a +0 club. The bat closely misses you.
Jessica zaps a wand.
The puff of flame hits you! The dart slug bites you.
The bat hits you but does no damage. You block Jessica's attack.
You are too injured to fight recklessly!
You sock Jessica!
Jessica is almost dead.
You block the bat's attack. x2
Jessica casts a spell at you. Pain shoots through your body!
* * * LOW HITPOINT WARNING * * *
The dart slug launches a dart at you. The slug dart hits you.
* * * LOW HITPOINT WARNING * * *
Jessica drinks a potion.
Jessica is healed!
You barely miss Jessica. The bat hits you.
* * * LOW HITPOINT WARNING * * *
You block Jessica's attack. The dart slug launches a dart at you.
The slug dart hits you.
* * * LOW HITPOINT WARNING * * *
Jessica hits you but does no damage. Jessica attacks as you move away!
You block Jessica's attack. The bat closely misses you.
You block the bat's attack. The bat hits you but does no damage.
The bat hits you but does no damage. You block the bat's attack.
Jessica casts a spell.
Jessica blinks!
The bat hits you but does no damage. Jessica closely misses you.
Jessica zaps a wand.
The puff of flame hits you!
You die...

,* *,**#..........,,,,,***** **
*,,,,,#....>#,,,,,,,,,,,*** *
**.....#*#.#,,,,,,,,,,,,,,,, *
*,.....# #w#**,,,,,,,,,,,,,* *
*,#....# #.# **,,,,,,,,,,,,*
*,#....# #.# ***,,,,,,,,,,*
***,#....###.# *,,,,,,,,,,,
*,..#......#b## *,,,,,,,,,,,
####.#*#....#..@@# *,,,,,,,,,,,
.....# #....###..# *,.,,<,,,,,,
<>######....####.# **#..,,,,,,,,,
........###...##.###....,,,,,,,,*
#.#####.#####.##........,,,,,,,,*
#.# #.............##..,,,,,,,*,
#.# ######....##..#***,,,,,,,,,
#.# ####............,,*,,,****
#.# #...............#,,,,,,**,


You could see a dart slug, Jessica (fast) and a bat.

Vanquished Creatures
  4 adders
  A gnoll (D:1)
  A worm (D:2)
  5 dart slugs
  3 endoplasms
  A giant cockroach (D:3)
  2 goblins
  3 hobgoblins
  14 jackals
  2 ball pythons
  A frilled lizard (D:2)
  5 kobolds
  11 rats
53 creatures vanquished.

Notes
Turn   | Place    | Note
-------+----------+-------------------------------------------
     0 | D:1      | ImASeal the Troll Fighter began the quest for the Orb.
     0 | D:1      | Reached XP level 1. HP: 22/22 MP: 0/0
   217 | D:1      | Reached skill level 3 in Fighting
   217 | D:1      | Reached XP level 2. HP: 11/31 MP: 1/1
   438 | D:1      | Reached XP level 3. HP: 37/37 MP: 2/2
   975 | D:2      | Reached XP level 4. HP: 48/48 MP: 3/3
   980 | D:2      | Reached skill level 4 in Fighting
  1659 | D:3      | Noticed Jessica
  1667 | D:3      | HP: 1/48 [dart slug/slug dart (4)]
  1673 | D:3      | Killed from afar by Jessica

Illustrated notes

Levels and vault maps discovered:
D:1:      lightli_arrival_flooded_house, layout_basic
D:2:      layout_loops_ring
D:3:      layout_rooms, nemelex_spade_bored_becter, lemuel_tele_altar,
          uniq_terence, uniq_natasha, uniq_jessica

Skill      XL: |  1  2  3  4 |
---------------+-------------+-----
Fighting       | 3 4 |  4.3
Maces & Flails | |  1.7
Dodging        | |  2.4
Stealth        | |  0.6
Shields        | |  2.6

Action                   |  1- 3 |  4- 6 || total
-------------------------+-------+-------++-------
Melee: Flail             |   122 |    41 ||   163
  Use: Scroll            |       |     3 ||     3
Armor: Robe              |    51 |    21 ||    72
Dodge: Dodged            |    44 |    15 ||    59
Block: Kite shield       |    49 |    25 ||    74
